 Dungeon Crawl Stone Soup version 0.26-a0-667-g92642533e4 (webtiles) character file.

Game seed: 8140141997140626156

39 Conn the Magician (level 3, 0/21 HPs)
             Began as an Octopode Hedge Wizard on Oct 17, 2020.
             Killed from afar by an orc wizard (9 damage)
             ... with a puff of flame
             ... on level 2 of the Dungeon.
             The game lasted 00:02:55 (1196 turns).

Conn the Magician (Octopode Hedge Wizard)           Turns: 1196, Time: 00:02:55

Health: 0/21       AC:  1    Str:  9    XL:     3   Next: 45%
Magic:  4/8        EV: 13    Int: 17    God:
Gold:   76         SH:  0    Dex: 11    Spells: 1/9 levels left

rFire    . . .     SeeInvis .   f - +2 spear (freeze)
rCold    . . .     Faith    .   (no shield)
rNeg     . . .     Spirit   .   b - +0 hat
rPois    .         Reflect  .   (no amulet)
rElec    .         Harm     .   (no ring)
rCorr    .         Rampage  .   (no ring)
MR       .....                  (no ring)
Stlth    +++.......             (no ring)
HPRegen  0.07/turn              (no ring)
MPRegen  0.11/turn              (no ring)
                                (no ring)
                                (no ring)

@: no status effects
A: almost no armour, stealthy swim, amphibious, 8 rings, constrict 8, camouflage
1, gelatinous body 1
a: no special abilities


You were on level 2 of the Dungeon.
You visited 1 branch of the dungeon, and saw 2 of its levels.

You collected 76 gold pieces.

Inventory:

Hand Weapons
 a - a +0 dagger
 f - a +2 spear of freezing (weapon)
Missiles
 h - 20 sling bullets
Armour
 b - a +0 hat (worn)
Scrolls
 e - 2 scrolls of identify {unknown}
 g - a scroll of enchant armour {unknown}
 i - 2 scrolls of teleportation {unknown}
Potions
 c - a potion of curing {unknown}
 d - a potion of invisibility {unknown}
 j - a potion of cancellation {unknown}


   Skills:
 + Level 0.3 Short Blades
 + Level 0.1 Polearms
 + Level 2.2 Dodging
 + Level 3.0 Stealth
 + Level 3.8 Spellcasting
 + Level 1.2 Conjurations
 + Level 1.0 Summonings
 + Level 1.0 Translocations


You had one spell level left.
You knew the following spells:

 Your Spells              Type           Power        Failure   Level
a - Magic Dart            Conj           #...         10%         1
b - Blink                 Tloc           N/A          16%         2
c - Call Imp              Summ           #.......     16%         2
d - Conjure Flame         Conj/Fire      #.......     36%         3

Your spell library contained the following spells:

 Spells                   Type           Power        Failure   Level
 Slow                     Hex            #.......     24%         2
 Mephitic Cloud           Conj/Pois/Air  #.......     38%         3


Dungeon Overview and Level Annotations

Branches:
Dungeon (1/15)

Altars:


Innate Abilities, Weirdness & Mutations

You cannot wear most types of armour.
You are very stealthy in the water. (Stealth+)
You are amphibious.
You can wear up to eight rings at the same time.
You can use your tentacles to constrict eight enemies at once.
Your skin changes colour to match your surroundings (Stealth+).
Your rubbery body absorbs attacks. (AC +1, EV +1)


Message History

Evoke which item? (* to show all) (? for menu, Esc to quit)
Press: ? - help, Dir - move target cursor Something you can't see is in the way.
You hit something. You freeze something.
Your iron imp misses the jackal.
Something hits you but does no damage.
The jackal bites your iron imp but does no damage.
Evoke which item? (* to show all) (? for menu, Esc to quit)
Press: ? - help, Dir - move target cursor You hit something.
You freeze something.
Your iron imp disappears in a puff of smoke!
You hear some strange, mumbled words.
Evoke which item? (* to show all) (? for menu, Esc to quit)
Press: ? - help, Dir - move target cursor You miss something.
You hear some strange, mumbled words.
A puff of flame appears from out of thin air!
The puff of flame hits you! The jackal bites you.
You hear some strange, mumbled words.
A puff of flame appears from out of thin air!
The puff of flame hits you!
You die...

#.#######....# #.#
#.#............# #.#
#.....########## #.#
..######.#############.########
...............................
#[####.#.#.#####....##..#######
####...#.#####............# #
.............##............# #
.########.##.@#.....†......# #
#...h{+...(........###
#####b#...............
.......o#...............
$......)................
.....................###
#+#+###......#+#..#+## #...##
#<. #.#.# #.#


You could see an orc wizard, a jackal and a bat.

Vanquished Creatures
  An adder (D:2)
  3 dart slugs (D:1)
  An orc (D:2)
  2 giant cockroaches (D:1)
  3 goblins (D:1)
  5 hobgoblins (D:1)
  A bat (D:2)
  A frilled lizard (D:1)
  3 kobolds (D:1)
  2 rats (D:1)
22 creatures vanquished.

Notes
Turn   | Place    | Note
-------+----------+-------------------------------------------
     0 | D:1      | Conn the Octopode Hedge Wizard began the quest for the Orb.
     0 | D:1      | Reached XP level 1. HP: 11/11 MP: 4/4
   186 | D:1      | Reached XP level 2. HP: 17/17 MP: 4/6
   722 | D:1      | Reached XP level 3. HP: 21/21 MP: 8/8
   726 | D:1      | Learned a level 2 spell: Blink
   729 | D:1      | Learned a level 2 spell: Call Imp
   733 | D:1      | Learned a level 3 spell: Conjure Flame
  1010 | D:1      | You fall into a shaft and drop 1 floor!
  1196 | D:2      | Killed from afar by an orc wizard

Illustrated notes

Levels and vault maps discovered:
D:1:      nicolae_arrival_somewhat_less_tricky_arrival, layout_basic,
          minivault_4
D:2:      layout_basic, overflow_temple_1_default, minmay_pentomino_q4

Skill      XL: |  1  2  3 |
---------------+----------+-----
Stealth        | 3 |  3.0
Short Blades   | |  0.3
Polearms       | |  0.1
Dodging        | |  2.2
Spellcasting   | |  3.8
Conjurations   | |  1.2
Summonings     | |  1.0
Translocations | |  1.0

Action                   || total
-------------------------++-------
Melee: Dagger            ||    16
       Constrict         ||     6
       Tentacles         ||     4
       Spear             ||    14
 Cast: Magic Dart        ||    28
       Call Imp          ||     3
 Stab: Sleeping          ||     4
       Distracted        ||     1
Armor: Skin              ||     3
Dodge: Dodged            ||    17

Table legend: (Time is in decaauts)
 A = Elapsed time spent in this place.
 B = Non-inter-level travel time spent in this place.
 C = Inter-level travel time spent in this place.
 D = Time resting spent in this place.
 E = Time spent auto-exploring this place.
 F = Levels seen in this place.
 G = Mean time per level.
                   A        B        C        D        E       F      G
               +--------+--------+--------+--------+--------+-----+--------+
         Total |   1196 |   1196 |      0 |    129 |    786 |   2 |  598.0 |
       Dungeon |   1196 |   1196 |      0 |    129 |    786 |   2 |  598.0 |
               +--------+--------+--------+--------+--------+-----+--------+

Top non-repeatable levels by time:
     D:1: 1010 daAuts
     D:2: 186 daAuts
